Map: Washout LE

Players

Harkon - Winner!

  • Race: Protoss Protoss
  • League: Master
  • Spawn Location: 1:00

RipNHammer

  • Race: Terran Terran
  • League: Master
  • Spawn Location: 7:00

VOD

Have the link to the VOD?

Description

Time

  • Played on: Sept. 6, 2026, 9:31 a.m.
  • Length: 13:47
Show
View Real Time Build Order
Export as new Build Order

Harkon Protoss - Winner!

Build Orders:  

Get SALT Encoding   

  8  0:02  Probe  
  9  0:14  Probe  
  10  0:26  Probe  
  11  0:38  Probe  
  12  0:43  Pylon  
  12  0:50  Probe  
  13  1:02  Gateway  
  13  1:03  Probe (Chrono Boost)  
  14  1:15  Probe (Chrono Boost)  
  15  1:21  Probe (Chrono Boost)  
  16  1:25  Pylon  
  16  1:36  Probe, Assimilator  
  17  1:48  Probe  
  18  1:55  Zealot (Chrono Boost)  
  18  2:00  Probe  
  21  2:02  Cybernetics Core  
  21  2:12  Probe  
  22  2:18  Zealot (Chrono Boost)  
  24  2:40  Stalker (Chrono Boost)  
  22  3:16  Probe  
  22  3:17  Warp Gate  
  23  3:20  Twilight Council  
  23  3:27  Pylon  
  23  3:35  Nexus  
  22  3:42  Probe  
  22  3:43  Gateway  
  23  3:49  Assimilator  
  23  3:50  Pylon  
  23  3:54  Charge (Chrono Boost), Probe  
  23  3:55  Gateway  
  24  4:06  Probe  
  25  4:19  Probe  
  26  4:27  Gateway  
  26  4:28  Gateway  
  26  4:30  Gateway  
  26  4:31  Probe  
  27  4:43  Probe  
  28  4:50  Probe  
  29  4:55  Probe  
  30  5:00  Stalker x2  
  30  5:02  Probe  
  35  5:07  Probe  
  35  5:10  Templar Archives  
  36  5:14  Probe  
  36  5:19  Probe, Zealot  
  36  5:20  Sentry  
  42  5:23  Zealot  
  42  5:27  Zealot  
  46  5:31  Zealot  
  48  5:36  Zealot  
  50  5:44  Pylon  
  50  5:47  Pylon  
  50  5:51  Probe  
  50  5:58  Pylon  
  50  6:02  Probe  
  50  6:03  Probe  
  52  6:15  Blink (Chrono Boost)  
  52  6:21  Nexus  
  52  6:23  Probe  
  52  6:24  Probe  
  54  6:36  Probe x2  
  56  6:42  Robotics Facility  
  46  6:54  Zealot x5  
  46  6:58  Probe x2  
  58  7:13  Probe x2  
  60  7:18  Zealot x3  
  60  7:19  Zealot x2  
  57  7:41  Zealot x5  
  57  7:42  Probe  
  57  7:43  Probe  
  59  7:54  Probe  
  59  7:55  Probe  
  59  7:57  Probe  
  62  8:06  Observer  
  62  8:07  Probe x2  
  62  8:09  Probe  
  62  8:10  Pylon, Robotics Bay  
  66  8:15  Forge  
  66  8:19  Probe x2  
  68  8:21  Probe  
  69  8:33  Pylon  
  69  8:37  Forge  
  69  8:38  Probe x3  
  72  8:42  Protoss Ground Weapons Level 1 (Chrono Boost)  
  72  8:44  Assimilator  
  72  8:50  Probe x2  
  72  8:54  Colossus (Chrono Boost)  
  74  8:58  Extended Thermal Lance  
  74  8:59  Probe  
  81  9:03  Probe x2  
  81  9:09  Assimilator  
  83  9:12  Photon Cannon  
  83  9:22  Pylon  
  83  9:23  Pylon  
  83  9:24  Stalker x4  
  83  9:25  Pylon, Zealot  
  83  9:26  Probe x2  
  83  9:28  Protoss Ground Armor Level 1 (Chrono Boost), Pylon  
  95  9:33  Pylon  
  95  9:36  Pylon  
  95  9:40  Probe x2, Warp Prism  
  99  9:51  Probe  
  99  9:52  Probe  
  101  9:55  Zealot, Sentry  
  101  9:56  Zealot x3  
  109  10:14  Probe x2  
  109  10:17  Photon Cannon  
  110  10:27  Colossus (Chrono Boost), Gateway  
  108  10:29  Gateway  
  108  10:31  Gateway  
  108  10:34  Zealot x5  
  124  10:44  Nexus  
  124  10:45  Protoss Ground Weapons Level 2 (Chrono Boost)  
  124  10:47  Probe x3  
  124  10:48  Pylon  
  127  10:59  Probe  
  125  11:12  Protoss Ground Armor Level 2 (Chrono Boost)  
  125  11:13  Colossus (Chrono Boost)  
  125  11:18  Stalker x3, Zealot x2  
  137  11:20  Probe  
  137  11:21  Probe x2  
  144  11:33  Probe x3  
  147  11:45  Probe x2, Assimilator  
  149  11:47  Pylon  
  149  11:50  Pylon  
  149  11:51  Pylon  
  149  11:52  Probe  
  150  11:54  Colossus (Chrono Boost)  
  150  11:57  Probe x2, Pylon  
  133  12:20  Zealot x8  
  123  12:44  Zealot x8  
  129  13:05  Probe x3  
  132  13:07  Zealot x8  
  132  13:09  Probe  
  149  13:17  Probe x3  
  134  13:30  Zealot x8  
Show
View Real Time Build Order
Export as new Build Order

RipNHammer Terran 

Build Orders:  

Get SALT Encoding   

  8  0:00  SCV  
  9  0:12  SCV  
  10  0:24  SCV  
  11  0:36  SCV  
  11  0:38  Supply Depot  
  12  0:49  SCV  
  13  1:01  SCV  
  13  1:02  Barracks  
  14  1:06  Refinery  
  14  1:13  SCV  
  15  1:30  SCV  
  16  1:43  SCV  
  17  1:51  Reaper  
  18  1:55  Orbital Command  
  18  2:21  Bunker  
  18  2:22  SCV  
  19  2:23  Supply Depot  
  18  2:35  SCV  
  18  2:38  Marine  
  18  2:50  SCV  
  19  2:56  Barracks  
  19  2:57  Barracks  
  19  2:58  Engineering Bay  
  19  3:02  SCV  
  19  3:10  Marine  
  20  3:18  SCV  
  21  3:30  Command Center  
  22  3:34  SCV  
  22  3:42  Barracks Reactor  
  22  3:46  Barracks Tech Lab x2  
  23  3:48  SCV  
  23  3:52  Supply Depot  
  23  4:03  SCV  
  23  4:07  Marine x2, Stimpack  
  23  4:08  Combat Shield  
  26  4:15  SCV  
  27  4:18  Marine x2  
  29  4:24  Marine x2  
  29  4:26  Supply Depot  
  31  4:37  Marine x2  
  31  4:38  SCV  
  34  4:45  Orbital Command  
  34  4:48  Marine  
  34  4:49  Marine  
  36  5:01  Marine x2  
  36  5:02  SCV  
  36  5:04  Orbital Command  
  36  5:06  Marauder  
  41  5:13  Bunker  
  41  5:15  SCV  
  41  5:20  Marine x2  
  41  5:21  Marauder  
  48  5:28  Marauder  
  48  5:29  Concussive Shells  
  48  5:34  SCV  
  49  5:37  Marine  
  49  5:41  Supply Depot  
  50  5:47  SCV x2  
  50  5:48  Engineering Bay  
  52  5:52  Marine x2  
  52  5:53  Marauder  
  52  5:55  Marine  
  57  5:59  Supply Depot  
  57  6:00  SCV  
  58  6:15  Marine x2  
  58  6:17  Terran Infantry Weapons Level 1  
  59  6:21  Supply Depot, Engineering Bay  
  59  6:25  Marauder  
  61  6:27  Marine  
  61  6:31  SCV x2  
  64  6:43  SCV  
  65  6:47  SCV  
  65  6:53  Marine, Marauder  
  68  6:55  SCV, Refinery  
  68  6:59  Marine, SCV, Factory  
  71  7:03  Terran Infantry Armor Level 1  
  71  7:07  SCV  
  72  7:12  SCV  
  73  7:17  Supply Depot  
  65  7:36  Marine x2, Marauder  
  58  7:37  SCV x2  
  54  7:49  Factory Reactor, SCV x2  
  54  7:50  Barracks  
  54  7:52  Starport  
  54  7:54  Marine  
  54  7:55  Marine  
  54  7:56  Marauder  
  54  7:57  Supply Depot  
  58  7:59  Command Center  
  58  8:01  SCV  
  58  8:02  SCV  
  58  8:05  Barracks  
  60  8:09  Refinery  
  60  8:11  Marine  
  61  8:12  Refinery  
  61  8:13  SCV  
  61  8:14  Marine x2, SCV  
  65  8:21  Armory  
  65  8:24  Marauder  
  65  8:25  SCV  
  65  8:26  Widow Mine x2, SCV  
  73  8:36  Medivac  
  73  8:37  SCV  
  73  8:38  SCV  
  73  8:40  Barracks Reactor  
  77  8:46  Marine x2, Marauder  
  77  8:48  Marauder  
  83  8:49  SCV  
  83  8:52  SCV  
  85  9:01  Marine, SCV  
  89  9:03  Widow Mine, Marine  
  89  9:04  Widow Mine  
  89  9:06  Supply Depot x2, SCV  
  89  9:07  Marauder  
  89  9:08  Medivac  
  97  9:14  SCV  
  97  9:16  Marine  
  101  9:17  Marine x2, Marauder  
  101  9:20  Orbital Command  
  101  9:23  Barracks  
  103  9:27  Ghost Academy  
  103  9:28  Marine  
  103  9:29  Marauder, Missile Turret  
  106  9:31  Widow Mine  
  106  9:32  Missile Turret  
  106  9:34  Widow Mine, Missile Turret  
  110  9:40  Supply Depot  
  110  9:42  Terran Infantry Weapons Level 2  
  110  9:43  Orbital Command  
  110  9:47  Terran Infantry Armor Level 2  
  110  9:49  SCV  
  111  9:53  SCV  
  111  9:56  Marauder, Supply Depot  
  114  10:02  Starport Reactor  
  106  10:10  Marine x2  
  106  10:11  Marauder, Barracks Tech Lab  
  106  10:13  Barracks Reactor  
  108  10:15  Barracks  
  108  10:27  SCV  
  108  10:28  SCV  
  110  10:38  SCV  
  110  10:40  SCV x2, Marine x2, Marauder  
  117  10:43  Refinery, Supply Depot  
  117  10:46  Refinery, Marauder  
  117  10:47  Supply Depot x2  
  117  10:49  Missile Turret  
  119  10:50  SCV  
  119  10:54  Medivac x2  
  122  11:11  Marine x3, Marauder  
  126  11:12  Widow Mine x2, SCV  
  126  11:13  SCV  
  126  11:14  SCV  
  134  11:20  Command Center  
  134  11:22  Marine x2, Marauder  
  134  11:24  SCV  
  139  11:26  Barracks Reactor  
  139  11:28  Medivac x2  
  139  11:31  Marauder  
  145  11:35  SCV  
  145  11:38  SCV  
  147  11:44  Sensor Tower  
  147  11:45  Marine x2, Marauder  
  151  11:47  Widow Mine  
  151  11:48  Widow Mine  
  151  11:52  Supply Depot  
  151  11:54  Marine, Marauder, Supply Depot  
  150  12:11  Marine  
  150  12:12  Marine x2, Marauder x2  
  150  12:15  Ghost  
  137  12:29  Marine x2  
  128  12:34  Marauder, Viking x2  
  131  12:38  Widow Mine  
  131  12:39  Marine x2, Widow Mine, Marauder  
  118  13:04  Viking, Marine x4, Marauder  
  118  13:05  Marauder  
  123  13:10  Viking  
Tags
 
Matchup
PvT
Replay Pack
RipNHammer
Spawn Locations
Cross Positions
Add a new tag
Caveats
  • Supply blocks, unpowered buildings, or Contaminate may cause inaccurate times.
  • Supply counts are checked every 10 seconds.